 Seeded DCSS version 0.31-a0-321-g19405a7a6a (webtiles) character file.

Game seed: 14215367866634240820 (custom seed)

7 innerfire43 the Changeling (level 1, -1/16 HPs)
             Began as a Demonspawn Shapeshifter on July 17, 2023.
             Slain by a hobgoblin (3 damage)
             ... on level 1 of the Dungeon.
             The game lasted 00:00:27 (65 turns).

innerfire43 the Changeling (Demonspawn Shapeshifter)  Turns: 65, Time: 00:00:27

Health: -1/16      AC:  2    Str: 15    XL:     1   Next: 91%
Magic:  1/1        EV: 12    Int:  9    God:
Gold:   7          SH:  0    Dex: 13    Spells: 0/0 levels left

rFire   . .          .
                       - Unarmed
rCold   . . .        (no shield)
rNeg    . . .        a - +0 animal skin
rPois   .            (helmet currently unavailable)
rElec   .            (cloak currently unavailable)
rCorr   .            (gloves currently unavailable)
SInv    .            (boots currently unavailable)
Will    .....        (no amulet)
Stlth   +            (no ring)
HPRegen 0.22/turn    (no ring)
MPRegen 0.07/turn

%: no passive effects
@: beast-form
A: beast (slay +1)
a: Begin Untransformation


You were on level 1 of the Dungeon.
You were a hulking beast.
You visited 1 branch of the dungeon, and saw 1 of its levels.

You collected 7 gold pieces.

Inventory:

Armour
 a - a +0 animal skin (worn)
Talismans
 c - a beast talisman
Scrolls
 d - a scroll of enchant weapon {unknown}
Potions
 b - a potion of lignification


   Skills:
 * Level 2.2 Fighting
 + Level 1.9 Dodging
 * Level 2.0 Unarmed Combat
 * Level 2.8 Shapeshifting


You couldn't memorise any spells.
You didn't know any spells.
Your spell library was empty.

Dungeon Overview and Level Annotations

Branches:
Dungeon (1/15)

Altars:


Message History

You kill the ball python!
The hobgoblin barely misses you.
The frilled lizard bites you but does no damage.
You hit the goblin.
You kill the goblin!
The frilled lizard barely misses you. The hobgoblin hits you.
You hit the goblin.
The goblin is severely wounded.
The hobgoblin barely misses you. The frilled lizard barely misses you.
The goblin hits you with a +0 club.
You hit the goblin.
You kill the goblin!
The hobgoblin barely misses you. The frilled lizard barely misses you.
You closely miss the jackal.
The jackal bites you but does no damage.
The hobgoblin hits you. The frilled lizard misses you.
You closely miss the jackal.
The jackal barks!
The jackal bites you but does no damage.
The hobgoblin misses you. The frilled lizard barely misses you.
The jackal closely misses you.
You hit the jackal.
You kill the jackal!
The hobgoblin closely misses you. The frilled lizard barely misses you.
You hit the jackal.
The jackal is heavily wounded.
The jackal barely misses you. The hobgoblin hits you.
The frilled lizard bites you but does no damage.
The jackal bites you.
* * * LOW HITPOINT WARNING * * *
You hit the jackal.
You kill the jackal!
The hobgoblin barely misses you. The frilled lizard barely misses you.
Your Unarmed Combat skill increases to level 2!
You hit the jackal.
The jackal is moderately wounded.
The jackal barely misses you. The frilled lizard bites you.
* * * LOW HITPOINT WARNING * * *
The hobgoblin hits you.
You die...

#.##............ . #
#....~~~~≈~≈~~~~ hh #.
#....≈≈≈~≈≈≈≈≈≈≈ [. #.
#...(~~≈≈≈≈≈≈≈≈≈
###h#.###....~≈≈#+#'#
.............~≈≈+(..##+#
.............≈≈≈+...#...
P.....#h##...~≈≈#'#'#.##
P.....#h##....~≈≈≈#...#.
..P...lg##..⌠..~≈~'.⌠.'.
♣..##..h##..⌠..≈~≈'.⌠.'.
♣.......##....~≈≈≈#...#.
.####...##...~~≈#+###.##
#........≈≈≈+ +...
....#....~≈≈+ ##+#
.#........~~≈#
..#...~≈~≈


You could see 2 jackals, a hobgoblin and a frilled lizard.

Vanquished Creatures
  A ball python (D:1)
  2 goblins (D:1)
  2 jackals (D:1)
  A rat (D:1)
6 creatures vanquished.

Notes
Turn   | Place    | Note
-------+----------+-------------------------------------------
     0 | D:1      | innerfire43 the Demonspawn Shapeshifter began the quest for
                  | the Orb.
     0 | D:1      | Reached XP level 1. HP: 16/16 MP: 1/1
    65 | D:1      | Slain by a hobgoblin

Illustrated notes

Levels and vault maps discovered:
D:1:      dpeg_arrival_castle, layout_basic, serial_forest,
          infiniplex_forest_straight_2, infiniplex_forest_straight_3,
          infiniplex_forest_clump_double, infiniplex_forest_lined_1,
          infiniplex_forest_clump_small, infiniplex_forest_straight_2,
          infiniplex_forest_lined_3_way

Skill      XL: |  1 |
---------------+----+-----
Unarmed Combat | 2 |  2.0
Fighting       | |  2.2
Dodging        | |  1.9
Shapeshifting  | |  2.8

Action                     || total
---------------------------++-------
  Melee: Unarmed           ||    13
 Armour: Animal skin       ||     4
  Dodge: Dodged            ||    22
         Form:             ||     1
         Beast             ||     1

Table legend: (Time is in decaauts)
 A = Elapsed time spent in this place.
 B = Non-inter-level travel time spent in this place.
 C = Inter-level travel time spent in this place.
 D = Time resting spent in this place.
 E = Time spent auto-exploring this place.
 F = Levels seen in this place.
 G = Mean time per level.
                   A        B        C        D        E       F      G
               +--------+--------+--------+--------+--------+-----+--------+
         Total |     66 |     66 |      0 |      0 |     22 |   1 |   66.0 |
       Dungeon |     66 |     66 |      0 |      0 |     22 |   1 |   66.0 |
               +--------+--------+--------+--------+--------+-----+--------+

Top non-repeatable levels by time:
     D:1: 66 daAuts
